AoeStats
← JohanFH717

Arabia

510318305Analyzed
1v1 RM · 3d ago on Sep 30, 2026· 40m 45s· 2 players
Game mode
Random Map
Map size
Tiny (2 player)
Population
200
Speed
Normal
Resources
Standard
Victory
Conquest
Starting age
Dark Age
Ending age
Imperial Age
RankedLock teamsTeams togetherTeam positionsShared explorationLock speedFull tech treeHidden civsTurbo modeCheats
Victory
Defeat
🇭🇷 Khmer · Croatia
1035
+17
🇹🇷 Franks · Türkiye
1066
-17
JohanFH717
7:03 Loom
10:01 Feudal Age
14:13 Bloodlines
15:45 Scale Barding Armor
16:47 Double-Bit Axe
20:23 Castle Age
18:10 Town Watch
19:35 Scale Mail Armor
19:45 Forging
23:09 Chain Mail Armor
23:30 Iron Casting
23:19 Bow Saw
22:51 Pikeman
28:47 Arson
29:57 Crossbowman
30:39 Gold Mining
35:34 Wheelbarrow
40:38 Imperial Age
38:00 Fletching
37:58 Horse Collar
cingansemik
11:16 Loom
13:02 Feudal Age
17:46 Castle Age
18:30 Husbandry
19:49 Scale Barding Armor
19:53 Double-Bit Axe
24:49 Bow Saw
24:46 Husbandry
30:54 Fletching
39:15 Elite Skirmisher
Connection lost

Rejoining the realm…

Still unreachable

The connection could not be restored.

Session expired

The server has moved on; the page needs a fresh start.